[Event "Titled Tuesday Blitz March 28 Early 2023"]
[White "Sliwicki, Damian"]
[Black "Garv Gaur"]
[WhiteFideId "1127128"]
[BlackFideId "45030839"]
[WhiteElo "2030"]
[BlackElo "2068"]
[Result "0-1"]
[Round "08"]
[TimeControl "180+2"]
[Date "2023.03.28"]
[WhiteClock "0:00:01"]
[BlackClock "0:01:32"]

1. e4 g6 2. d4 Bg7 3. Nc3 d5 4. exd5 Nf6 5. Bc4 Nbd7 6. Nf3 Nb6 7. Bb5+ Bd7 8. Bxd7+ Qxd7 9. Ne5 Qd8 10. Qf3 O-O 11. Bg5 Nfxd5 12. Bd2 Nb4 13. O-O-O Qxd4 14. Bf4 Qc5 15. Rhe1 Nc4 16. Nd7 Qf5 17. Qe4 Bxc3 18. Qxf5 gxf5 19. bxc3 Nxa2+ 20. Kb1 Nxc3+ 21. Ka1 Nxd1 22. Nxf8 Nxf2 23. Nd7 Ne4 24. Nc5 Nxc5 25. Rxe7 Ne6 26. Bh6 Ne5 0-1


[Site "https://www.chess.com"]

[Event "Titled Tuesday Blitz March 28 Early 2023"]
[White "Ljukin, Sergei"]
[Black "Jiganchine, Roman"]
[WhiteFideId "14102200"]
[BlackFideId "2603667"]
[WhiteElo "2312"]
[BlackElo "2344"]
[Result "1-0"]
[Round "08"]
[TimeControl "180+2"]
[Date "2023.03.28"]
[WhiteClock "0:00:15"]
[BlackClock "0:00:07"]

1. e4 c6 2. d4 d5 3. e5 Bf5 4. Nd2 e6 5. Nb3 Nd7 6. Nf3 h6 7. Be2 a6 8. O-O Rc8 9. c3 Bh7 10. a4 c5 11. dxc5 Bxc5 12. Nxc5 Nxc5 13. Be3 Ne7 14. Nd2 O-O 15. f4 Qc7 16. Rc1 Rfd8 17. Nf3 Ne4 18. Nd4 Nc6 19. f5 Nxd4 20. cxd4 Qd7 21. f6 gxf6 22. exf6 Rxc1 23. Bxc1 Rc8 24. Bh5 Kh8 25. Bxh6 Bf5 26. Bg7+ Kg8 27. Bg4 Rc4 28. Bxf5 exf5 29. Qh5 1-0


[Site "https://www.chess.com"]

[Event "Titled Tuesday Blitz March 28 Early 2023"]
[White "Gutkin, Ilya"]
[Black "ArchibaldCerveza29"]
[WhiteFideId "16203470"]
[WhiteElo "2265"]
[BlackElo "2491"]
[Result "1-0"]
[Round "08"]
[TimeControl "180+2"]
[Date "2023.03.28"]
[WhiteClock "0:00:33"]
[BlackClock "0:00:03"]

1. Nf3 d5 2. g3 c5 3. Bg2 Nf6 4. O-O Nc6 5. d4 cxd4 6. Nxd4 g6 7. c4 Bg7 8. cxd5 Nxd5 9. Nxc6 bxc6 10. Nc3 Nxc3 11. Bxc6+ Bd7 12. Bxd7+ Qxd7 13. Qxd7+ Kxd7 14. bxc3 Bxc3 15. Rb1 Rab8 16. Rd1+ Ke6 17. Bf4 Be5 18. Bxe5 Kxe5 19. Rxb8 Rxb8 20. Rd7 Rb1+ 21. Kg2 Kf6 22. Rxa7 h5 23. h4 Ra1 24. Kf3 Ke6 25. Ra6+ Kf5 26. Ke3 Rd1 27. a4 Ra1 28. Ra5+ e5 29. Kf3 Ra3+ 30. e3 f6 31. Ra6 g5 32. hxg5 Kxg5 33. Ke4 Ra2 34. f3 Rg2 35. f4+ exf4 36. gxf4+ Kg6 37. Ra8 Ra2 38. Kf3 Kf5 39. e4+ Kg6 40. Kg3 Ra3+ 41. Kh4 Rf3 42. f5+ Kh6 43. Re8 Kg7 44. Re7+ Kf8 45. Re6 Kf7 46. Kxh5 Ra3 47. Ra6 Re3 48. Ra7+ Ke8 49. Kg6 Rxe4 50. Kxf6 Rh4 51. a5 Rh6+ 52. Ke5 Kd8 53. Rg7 Ke8 54. Rg6 Rh7 55. a6 Ra7 56. Rb6 Kf8 57. Rb8+ Kf7 58. Rb7+ Rxb7 59. axb7 1-0


[Site "https://www.chess.com"]

[Event "Titled Tuesday Blitz March 28 Early 2023"]
[White "Mika, Tomasz"]
[Black "Sztokbant, Bernardo Vainzoff"]
[WhiteFideId "1132970"]
[BlackFideId "2115956"]
[WhiteElo "2179"]
[BlackElo "2222"]
[Result "1-0"]
[Round "08"]
[TimeControl "180+2"]
[Date "2023.03.28"]
[WhiteClock "0:00:09"]
[BlackClock "0:00:02"]

1. Nf3 g6 2. e4 Bg7 3. d4 d6 4. Be3 Nf6 5. Bd3 O-O 6. h3 Nc6 7. c3 e5 8. d5 Ne7 9. g4 c6 10. c4 b5 11. b3 Bb7 12. g5 Nh5 13. dxc6 Nxc6 14. cxb5 Nb4 15. Nc3 Nf4 16. Bxf4 exf4 17. Rc1 Rc8 18. Qd2 Qc7 19. Ne2 Qxc1+ 20. Nxc1 Rxc1+ 21. Ke2 Nxd3 22. Rxc1 Nxc1+ 23. Qxc1 Bxe4 24. Qxf4 d5 25. Ne5 Bf5 26. Ng4 Rc8 27. Nf6+ Kh8 28. Qd4 Bxh3 29. Qxa7 Be6 30. b6 Rc2+ 31. Kd1 1-0


[Site "https://www.chess.com"]

[Event "Titled Tuesday Blitz March 28 Early 2023"]
[White "Kubatko, Ivan"]
[Black "Mrudul Dehankar"]
[WhiteFideId "24111473"]
[BlackFideId "25096990"]
[WhiteElo "2285"]
[BlackElo "2139"]
[Result "0-1"]
[Round "08"]
[TimeControl "180+2"]
[Date "2023.03.28"]
[WhiteClock "0:00:02"]
[BlackClock "0:00:04"]

1. e4 c6 2. d4 d5 3. exd5 cxd5 4. c4 Nf6 5. Nc3 Nc6 6. Bg5 Be6 7. a3 h6 8. Bxf6 exf6 9. Nf3 Be7 10. b4 O-O 11. Rc1 Rc8 12. Be2 Qd7 13. O-O Rfd8 14. cxd5 Bxd5 15. Nxd5 Qxd5 16. Bc4 Qh5 17. Qb3 Bd6 18. h3 Rc7 19. Rfe1 Rcd7 20. Re4 Bf8 21. d5 Ne5 22. Nxe5 fxe5 23. Rce1 Bd6 24. Be2 Qg6 25. Bb5 Rc7 26. Rg4 Qf6 27. Bd3 Rdc8 28. Qd1 Rc3 29. Qe2 Rxa3 30. Qe4 g6 31. h4 Rcc3 32. Rg3 Kf8 33. Rf3 Qe7 34. Qxg6 Rxd3 35. Qxh6+ Ke8 36. Rxd3 Rxd3 37. Rc1 Kd7 38. Qh8 Qe8 39. Qh7 Rxd5 40. Qf5+ Qe6 41. Qh7 Bc7 42. Qg8 Rd4 43. h5 Qe8 44. Qg7 Rf4 45. h6 Rh4 46. Rd1+ Bd6 47. b5 Qe6 48. g3 Rxh6 49. b6 Rg6 50. Qh7 axb6 51. Rc1 Bc5 52. Qh8 Qe8 53. Qh3+ Kc6 54. Qg2+ Kc7 55. Qd5 Qc6 56. Qxf7+ Kc8 0-1


[Site "https://www.chess.com"]

[Event "Titled Tuesday Blitz March 28 Early 2023"]
[White "BeReal24"]
[Black "Sousa, Andre Ventura"]
[BlackFideId "1917617"]
[WhiteElo "2331"]
[BlackElo "2348"]
[Result "0-1"]
[Round "08"]
[TimeControl "180+2"]
[Date "2023.03.28"]
[WhiteClock "0:00:15"]
[BlackClock "0:00:29"]

1. e4 e5 2. Nf3 Nc6 3. Bb5 Nf6 4. O-O Nxe4 5. Re1 Nd6 6. Nxe5 Be7 7. Bf1 O-O 8. d4 Nxe5 9. dxe5 Nf5 10. Nc3 d6 11. Bf4 Be6 12. Nd5 dxe5 13. Nxe7+ Qxe7 14. Bxe5 Rad8 15. Qf3 c6 16. Bd3 Qg5 17. Bf4 Qg6 18. Qh3 Rfe8 19. Re5 Nd4 20. Qe3 Nxc2 21. Bxg6 Nxe3 22. Bxh7+ Kxh7 23. Rxe3 Rd5 24. h3 Red8 25. Rae1 Rf5 26. Be5 Bxa2 27. Bc3 Be6 28. Ra1 a6 29. g3 Rfd5 30. Rae1 Bxh3 31. Re7 R8d7 32. Kh2 Be6 33. Re8 Rd8 34. Re7 R5d7 35. Rxd7 Rxd7 36. Re4 Rd1 37. Rh4+ Kg8 38. f3 Bd5 39. Rf4 Rd3 40. Kg2 g5 41. Rf5 g4 42. Rg5+ Kf8 43. Bb4+ Ke8 44. Rg8+ Kd7 45. Kf2 gxf3 46. Bc3 Kc7 47. Rg5 Kb6 48. Rf5 Kb5 49. Rf4 a5 50. g4 b6 51. g5 Rd1 52. Kg3 Rg1+ 53. Kf2 Rg2+ 54. Kf1 Rxg5 55. Rf6 Rg2 56. Rf4 Re2 57. Rf6 Re4 58. Rh6 Ka4 59. Rh8 Kb3 60. Rb8 b5 61. Ra8 b4 62. Ra7 bxc3 63. bxc3 Kxc3 64. Rxa5 Rb4 65. Ra3+ Rb3 66. Ra8 c5 67. Rd8 Bc4+ 68. Kf2 Rb2+ 69. Kxf3 Bd3 70. Kf4 c4 71. Ke3 Re2+ 72. Kf4 Kd2 73. Kf3 c3 74. Rc8 c2 75. Rxc2+ Kxc2 76. Kf4 Re8 77. Kg5 Bh7 78. Kf6 Bg6 79. Kg7 Re6 80. Kh6 Re5 81. Kg7 Ra5 82. Kf6 Kd2 83. Kg7 Bh7 84. Kf6 Ke2 85. Kg7 f5 86. Kf6 f4 87. Kg7 f3 88. Kxh7 f2 89. Kg6 f1=Q 0-1


[Site "https://www.chess.com"]

[Event "Titled Tuesday Blitz March 28 Early 2023"]
[White "Zavortink, Matt"]
[Black "Khamdamova, Afruza"]
[WhiteFideId "2034263"]
[BlackFideId "14210444"]
[WhiteElo "2305"]
[BlackElo "2210"]
[Result "1/2-1/2"]
[Round "08"]
[TimeControl "180+2"]
[Date "2023.03.28"]
[WhiteClock "0:00:18"]
[BlackClock "0:00:17"]

1. c4 Nf6 2. Nc3 e6 3. e4 Bc5 4. d4 Bb4 5. e5 Ne4 6. Qf3 d5 7. a3 Bxc3+ 8. bxc3 O-O 9. Nh3 c5 10. Bd3 cxd4 11. O-O dxc3 12. Rd1 Qh4 13. Bf4 Nc6 14. Rac1 g5 15. Bg3 Nxg3 16. hxg3 Qh6 17. cxd5 Nxe5 18. Qe4 Nxd3 19. Rxd3 exd5 20. Qxd5 Bxh3 21. gxh3 g4 22. Rdxc3 gxh3 23. Qxb7 h2+ 24. Kh1 Rab8 25. Qg2 Rb5 26. Rc5 Rxc5 27. Rxc5 Rb8 28. Qxh2 Rb1+ 29. Kg2 Qe6 30. Qh5 Qe4+ 31. f3 Qe2+ 32. Kh3 Rh1+ 33. Kg4 Qe6+ 34. Qf5 h5+ 35. Kf4 Qd6+ 36. Qe5 Qd2+ 37. Qe3 Qd7 38. Qe5 Qd2+ 39. Qe3 Qd6+ 40. Qe5 Qxe5+ 41. Rxe5 Ra1 42. Ra5 Kg7 43. Rxa7 Kg6 44. a4 f6 45. a5 Ra4+ 46. Ke3 Kf5 47. a6 Ra3+ 48. Kf2 h4 49. gxh4 Kf4 50. Ra8 Ra2+ 51. Ke1 Kxf3 52. a7 f5 53. Rf8 Rxa7 54. Rxf5+ Ke3 55. Re5+ Kf4 56. Rb5 Ra2 57. Rb4+ Ke3 58. Kd1 Kd3 59. Rb3+ Kc4 60. Rb8 Kd3 61. Rd8+ Ke3 62. Re8+ Kf4 63. Rf8+ Kg4 64. Rh8 Rh2 65. Ke1 Kf3 66. Rf8+ Ke3 67. Re8+ Kf4 68. Rf8+ Kg4 69. Rg8+ Kf5 70. Rh8 Kg6 71. Kf1 Kg7 72. Rh5 Kg6 73. Rg5+ Kf6 74. Rg4 Kf5 75. Ra4 Rb2 76. Kg1 Ke5 77. Kf1 Kf5 78. Ke1 Kg6 79. Kf1 Kh5 80. Ke1 Rh2 81. Kf1 Rb2 82. Kg1 Rc2 83. Kf1 Kg6 84. Ke1 Kf5 85. Kd1 Rh2 86. Ke1 Ke5 87. Kf1 Kd5 88. Kg1 Rb2 89. Rg4 Ke5 90. Rg2 Rxg2+ 91. Kxg2 Kf4 92. Kh3 Kf5 93. Kg3 Kg6 94. Kg4 Kh6 95. h5 Kh7 96. Kg5 Kg7 97. Kf5 Kh6 98. Kg4 Kg7 99. Kg5 Kh7 100. h6 Kg8 101. Kg6 Kh8 102. h7 1/2-1/2


[Site "https://www.chess.com"]

[Event "Titled Tuesday Blitz March 28 Early 2023"]
[White "Ruge, Edison"]
[Black "Manukian, Artak"]
[WhiteFideId "4401000"]
[BlackFideId "13301373"]
[WhiteElo "2175"]
[BlackElo "2130"]
[Result "0-1"]
[Round "08"]
[TimeControl "180+2"]
[Date "2023.03.28"]
[WhiteClock "0:00:08"]
[BlackClock "0:00:08"]

1. e4 c6 2. d3 d5 3. Nd2 e5 4. Ngf3 Bd6 5. g3 Nf6 6. Bg2 dxe4 7. dxe4 O-O 8. O-O Bc7 9. Qe2 Nbd7 10. Nb3 Qe7 11. Bg5 h6 12. Bd2 a5 13. a4 Nc5 14. Nxc5 Qxc5 15. Bc3 b6 16. Rfe1 Ba6 17. Qe3 Qxe3 18. Rxe3 Rfe8 19. Bf1 Bxf1 20. Kxf1 Rad8 21. h3 Kf8 22. Ke2 Ke7 23. Rd1 Rxd1 24. Kxd1 Rd8+ 25. Ke2 Ke6 26. Nh4 g6 27. Nf3 b5 28. b3 Bb6 29. Rd3 Nxe4 30. Bxe5 Rxd3 31. cxd3 Nxf2 32. h4 Ng4 33. Bf4 Kd5 34. Bd2 Bc7 35. Be1 Ne5 36. Ng1 Nd7 37. Bc3 bxa4 38. bxa4 Nc5 39. Nf3 Nxa4 40. Bg7 Bxg3 41. Bxh6 Nc3+ 42. Kd2 Nb5 43. Bg7 a4 44. Kc2 Bf2 45. Ng5 f5 46. Nh3 Bxh4 47. Nf4+ Kd6 48. Nxg6 Bg3 49. Bf8+ Kd7 50. Bb4 f4 51. Ne5+ Kc7 52. Nf3 Kb6 53. d4 Nc7 54. Kd3 Nd5 55. Bc5+ Kb5 56. Ke4 Nc3+ 57. Kd3 Nd1 58. Ne5 Nf2+ 59. Ke2 Ne4 60. Nd3 Nxc5 61. dxc5 a3 62. Kd2 a2 63. Kc2 a1=Q 0-1


[Site "https://www.chess.com"]

[Event "Titled Tuesday Blitz March 28 Early 2023"]
[White "Rodriguez Santiago, Jaime"]
[Black "Vivas Zamora, Fabian Ernesto"]
[WhiteFideId "3100898"]
[BlackFideId "3902480"]
[WhiteElo "2025"]
[BlackElo "2262"]
[Result "1-0"]
[Round "08"]
[TimeControl "180+2"]
[Date "2023.03.28"]
[WhiteClock "0:00:15"]
[BlackClock "0:00:01"]

1. c4 Nf6 2. Nc3 g6 3. g3 Bg7 4. Bg2 c5 5. e4 Nc6 6. Nge2 O-O 7. O-O Ne8 8. d3 Nc7 9. f4 a6 10. a4 Ne6 11. f5 Ned4 12. Nxd4 Nxd4 13. Rb1 d6 14. g4 e6 15. Kh1 Rb8 16. Bf4 b5 17. axb5 axb5 18. cxb5 Nxb5 19. Nxb5 Rxb5 20. Qd2 Qb6 21. Rf2 Bd4 22. Be3 c4 23. Bxd4 Qxd4 24. dxc4 Qxd2 25. Rxd2 Rb4 26. b3 Ba6 27. Bf1 d5 28. exd5 exd5 29. cxd5 Bxf1 30. Rxf1 Rxg4 31. d6 Rd8 32. d7 Kf8 33. Re1 Rb4 34. Re3 Rb7 35. Red3 gxf5 36. Kg2 Ke7 37. Kf3 Rb4 38. Rd5 Ke6 39. Rd6+ Ke7 40. R6d3 Rb7 41. Re2+ Kf6 42. Rd6+ Kg5 43. Rg2+ Kh5 44. Rgd2 Rxb3+ 45. Kf4 Rb5 46. R2d3 1-0


[Site "https://www.chess.com"]

[Event "Titled Tuesday Blitz March 28 Early 2023"]
[White "Fernandez Sanchez, Mario Andres"]
[Black "Forgacs, Attila Jr."]
[WhiteFideId "6501621"]
[BlackFideId "773654"]
[WhiteElo "2050"]
[BlackElo "2168"]
[Result "0-1"]
[Round "08"]
[TimeControl "180+2"]
[Date "2023.03.28"]
[WhiteClock "0:00:14"]
[BlackClock "0:00:06"]

1. d4 a6 2. Bf4 b5 3. e3 Bb7 4. h4 Nf6 5. h5 h6 6. Nf3 e6 7. Bd3 c5 8. c3 d6 9. Nbd2 Be7 10. Qe2 Nbd7 11. e4 Qb6 12. O-O-O Rc8 13. Kb1 Bc6 14. d5 exd5 15. Bxd6 Bxd6 16. exd5+ Be7 17. dxc6 Rxc6 18. Bf5 Rd6 19. Rhe1 Qd8 20. g4 Nb6 21. Ne4 Nxe4 22. Bxe4 Rxd1+ 23. Rxd1 Qc7 24. Bf5 O-O 25. Nd2 Rd8 26. Ne4 Rxd1+ 27. Qxd1 Nc4 28. Qd7 Qxd7 29. Bxd7 f6 30. Be6+ Kf8 31. Bxc4 bxc4 32. Kc2 Kf7 33. Nd2 f5 34. Nxc4 fxg4 35. Ne5+ Ke6 36. Nxg4 Kf5 37. Ne3+ Kg5 38. Kd3 Kxh5 39. Ke4 Kg5 40. a4 h5 41. Nd5 Bd8 42. b4 cxb4 43. cxb4 h4 44. Nf4 Kg4 45. f3+ Kg3 46. Nh5+ Kf2 47. Nf4 Bc7 48. Nh3+ Kg3 49. Ng5 h3 50. Nxh3 Kxh3 51. b5 a5 52. f4 Kg4 53. f5 Kg5 0-1


[Site "https://www.chess.com"]

[Event "Titled Tuesday Blitz March 28 Early 2023"]
[White "mjelcic"]
[Black "QuiesPrecatio"]
[WhiteElo "2243"]
[BlackElo "2450"]
[Result "0-1"]
[Round "08"]
[TimeControl "180+2"]
[Date "2023.03.28"]
[WhiteClock "0:00:52"]
[BlackClock "0:00:15"]

1. e4 e5 2. Nf3 Nc6 3. d4 exd4 4. Bc4 Nf6 5. e5 d5 6. Bb5 Ne4 7. Nxd4 Bd7 8. Bxc6 bxc6 9. O-O Be7 10. f3 Nc5 11. Be3 Ne6 12. c3 O-O 13. f4 Nxd4 14. cxd4 Qc8 15. Nd2 Rb8 16. b3 g6 17. Rc1 h5 18. h3 Qa6 19. f5 Bxf5 20. Rxf5 gxf5 21. Qxh5 c5 22. Qxf5 Qe6 23. Qxe6 fxe6 24. dxc5 Rb4 25. Nf3 Re4 26. Kf2 Rxe5 27. Ke2 Re4 28. Kd3 a5 29. Bd4 Bf6 30. Be3 a4 31. Nd2 Rh4 32. Bf2 Rb4 33. a3 Rbb8 34. b4 e5 35. Bg3 e4+ 36. Ke2 Bd4 37. Bxc7 Rf2+ 38. Ke1 Rbf8 39. Bd6 R8f6 40. Be7 Rf7 41. Bh4 Rxg2 42. Nf1 Rxf1+ 43. Kxf1 Rg1+ 44. Ke2 Rxc1 45. Kd2 Rc4 46. Be7 Kf7 47. Bd6 Ke6 48. b5 Bxc5 0-1


[Site "https://www.chess.com"]

[Event "Titled Tuesday Blitz March 28 Early 2023"]
[White "Sowul, Bartosz"]
[Black "Quirke, Jeffrey"]
[WhiteFideId "1137590"]
[BlackFideId "2013029"]
[WhiteElo "2188"]
[BlackElo "2241"]
[Result "1-0"]
[Round "08"]
[TimeControl "180+2"]
[Date "2023.03.28"]
[WhiteClock "0:00:54"]
[BlackClock "0:00:13"]

1. e4 Nf6 2. e5 Nd5 3. d4 d6 4. Nf3 dxe5 5. Nxe5 c6 6. Be2 Bf5 7. O-O e6 8. c4 Nb4 9. Na3 Nd7 10. Nf3 Be7 11. Bd2 O-O 12. c5 Nd5 13. Nc4 Qc7 14. b4 h6 15. a4 Bg4 16. Nfe5 Nxe5 17. dxe5 Bxe2 18. Qxe2 a5 19. Ra3 axb4 20. Rg3 Kh8 21. Bxh6 gxh6 22. Qh5 Kh7 23. Nd6 Bxd6 24. cxd6 Qd8 25. Rh3 1-0


[Site "https://www.chess.com"]

[Event "Titled Tuesday Blitz March 28 Early 2023"]
[White "Gatterer, Florian"]
[Black "Michalski, Olaf"]
[WhiteFideId "811688"]
[BlackFideId "1106740"]
[WhiteElo "2221"]
[BlackElo "2173"]
[Result "1/2-1/2"]
[Round "08"]
[TimeControl "180+2"]
[Date "2023.03.28"]
[WhiteClock "0:00:22"]
[BlackClock "0:00:09"]

1. Nf3 d6 2. d4 Bg4 3. c4 Bxf3 4. exf3 Nd7 5. Nc3 e5 6. dxe5 dxe5 7. Be2 Ngf6 8. O-O Bc5 9. f4 e4 10. a3 a5 11. Be3 O-O 12. Qc2 Bxe3 13. fxe3 Qe7 14. Rfd1 c6 15. Rd2 Nc5 16. b3 Qc7 17. Kf2 h5 18. h3 h4 19. Rad1 Qb6 20. Na4 Nxa4 21. bxa4 Rfd8 22. Rxd8+ Rxd8 23. Rxd8+ Qxd8 24. Qc3 Qb6 25. c5 Nd5 26. Qc2 Qa7 27. Qxe4 Qxc5 28. Bd3 g6 29. Kf3 Qc1 30. Kf2 Qd2+ 31. Kf3 Qd1+ 32. Kf2 Qd2+ 33. Kf3 Qd1+ 34. Kf2 Qd2+ 1/2-1/2


[Site "https://www.chess.com"]

[Event "Titled Tuesday Blitz March 28 Early 2023"]
[White "Zacurdajev, Dmitry"]
[Black "Winkels, Marcel"]
[WhiteFideId "4196309"]
[BlackFideId "1003887"]
[WhiteElo "2179"]
[BlackElo "1900"]
[Result "1-0"]
[Round "08"]
[TimeControl "180+2"]
[Date "2023.03.28"]
[WhiteClock "0:00:27"]
[BlackClock "0:00:12"]

1. d4 Nf6 2. c4 g6 3. Nc3 Bg7 4. e4 d6 5. Nf3 O-O 6. Be2 c5 7. O-O cxd4 8. Nxd4 Nc6 9. Be3 Nxd4 10. Bxd4 Be6 11. Rc1 Qa5 12. b3 Rfc8 13. f3 a6 14. Qd2 b5 15. cxb5 axb5 16. Rfd1 b4 17. Na4 Nd7 18. Bxg7 Kxg7 19. Qd4+ f6 20. Bc4 Bxc4 21. Rxc4 Rxc4 22. Qxc4 Ne5 23. Qc2 Qa6 24. Rc1 Nd3 25. Rd1 Qa7+ 26. Kf1 Ne5 27. Qf2 Qxf2+ 28. Kxf2 Rc8 29. Rd2 Rc1 30. Nb6 Ra1 31. Nd5 Kf7 32. Nxb4 Nd7 33. Nc6 Nc5 34. b4 Na4 35. b5 Nc3 36. b6 Rb1 37. b7 Rxb7 38. Nd8+ 1-0


[Site "https://www.chess.com"]

[Event "Titled Tuesday Blitz March 28 Early 2023"]
[White "Van Osch, Mees"]
[Black "Manukyan, Sargis A."]
[WhiteFideId "1035967"]
[BlackFideId "13303970"]
[WhiteElo "2324"]
[BlackElo "2187"]
[Result "0-1"]
[Round "08"]
[TimeControl "180+2"]
[Date "2023.03.28"]
[WhiteClock "0:00:02"]
[BlackClock "0:00:46"]

1. e4 c5 2. Nf3 d6 3. d4 cxd4 4. Nxd4 Nf6 5. Nc3 g6 6. Be3 Bg7 7. f3 O-O 8. Qd2 Nc6 9. h4 d5 10. h5 dxe4 11. h6 Bh8 12. Nxc6 Qxd2+ 13. Bxd2 bxc6 14. fxe4 Ng4 15. Be2 Be6 16. Rf1 Rfd8 17. O-O-O Rab8 18. Bf4 Be5 19. Rxd8+ Rxd8 20. Bxg4 Bxf4+ 21. Rxf4 g5 22. Bxe6 gxf4 23. Bc4 Rd6 24. Ne2 e5 25. Ng1 Rxh6 26. Nf3 Rg6 27. Nxe5 Rxg2 28. Bxf7+ Kg7 29. Bc4 h5 30. Nf3 Rf2 31. Nh4 Kf6 32. Kd1 Kg5 33. Nf5 h4 34. Ke1 Rxc2 35. Bf1 Rxb2 36. Nd4 Rxa2 37. Nxc6 f3 38. e5 Kf4 39. e6 f2+ 40. Kd1 Ra1+ 41. Ke2 Kg3 0-1


[Site "https://www.chess.com"]

[Event "Titled Tuesday Blitz March 28 Early 2023"]
[White "Sai Krishna G V"]
[Black "Carrasco Miranda, Andres"]
[WhiteFideId "5028280"]
[BlackFideId "3405990"]
[WhiteElo "2359"]
[BlackElo "2183"]
[Result "1-0"]
[Round "08"]
[TimeControl "180+2"]
[Date "2023.03.28"]
[WhiteClock "0:00:39"]
[BlackClock "0:00:01"]

1. d4 Nf6 2. Nf3 g6 3. Bf4 Bg7 4. e3 O-O 5. h4 d6 6. Nbd2 Nbd7 7. c3 e5 8. dxe5 Nh5 9. Bg5 f6 10. exf6 Ndxf6 11. Qb3+ Kh8 12. O-O-O Qe8 13. Bd3 Ng4 14. Rhf1 a5 15. Qc2 a4 16. Nd4 a3 17. b3 Bd7 18. Rde1 c5 19. f3 Ne5 20. Be4 Ng3 21. Rg1 cxd4 22. exd4 Nf7 23. Bxg6 Qc8 24. Bxh7 Bf5 25. Bxf5 Qxf5 26. Ne4 Nxg5 27. Nxg3 Qxc2+ 28. Kxc2 Nf7 29. Re7 Nh6 30. Rge1 Rac8 31. Kd3 b5 32. Nh5 Nf5 33. Rd7 Rce8 34. Re4 Bh6 35. g4 1-0


[Site "https://www.chess.com"]

[Event "Titled Tuesday Blitz March 28 Early 2023"]
[White "drdaro"]
[Black "Kucuksari, Kaan"]
[BlackFideId "6380166"]
[WhiteElo "2398"]
[BlackElo "2364"]
[Result "0-1"]
[Round "08"]
[TimeControl "180+2"]
[Date "2023.03.28"]
[WhiteClock "0:00:18"]
[BlackClock "0:02:04"]

1. f4 Nf6 2. b3 d5 3. Bb2 c5 4. e3 Nc6 5. Nf3 Bg4 6. Be2 e6 7. O-O Be7 8. h3 Bxf3 9. Bxf3 O-O 10. d3 Nd7 11. Nd2 Bf6 12. Bxf6 Nxf6 13. Qe1 e5 14. g4 exf4 15. exf4 Nd4 16. Qc1 Re8 17. c3 Ne2+ 18. Bxe2 Rxe2 19. Nf3 Ne4 20. dxe4 dxe4 21. Ne5 Qh4 22. Qe1 Rxe1 23. Rfxe1 Qg3+ 24. Kf1 Qxf4+ 0-1


[Site "https://www.chess.com"]

[Event "Titled Tuesday Blitz March 28 Early 2023"]
[White "Demin, Vladimir"]
[Black "Krzywda, Andrzej"]
[WhiteFideId "4167457"]
[BlackFideId "1114565"]
[WhiteElo "2571"]
[BlackElo "2155"]
[Result "0-1"]
[Round "08"]
[TimeControl "180+2"]
[Date "2023.03.28"]
[WhiteClock "0:01:48"]
[BlackClock "0:00:46"]

1. d4 d5 2. Nc3 Nf6 3. Bf4 c5 4. e4 Nxe4 5. Nxe4 dxe4 6. dxc5 Qa5+ 7. c3 Qxc5 8. Qa4+ Nc6 9. Qxe4 g6 10. Nf3 Bg7 11. Qe3 Qxe3+ 12. Bxe3 O-O 13. Be2 Be6 14. O-O h6 15. Rfd1 Rfd8 16. Rxd8+ Rxd8 17. a4 b6 18. Kf1 Na5 19. Nd2 f5 20. Rc1 g5 21. b4 f4 22. bxa5 fxe3 23. fxe3 Rxd2 24. axb6 axb6 25. Rb1 Rd6 26. c4 Rc6 27. Rb4 Bc3 28. Rb3 Be5 29. Rb5 Bxh2 30. Kf2 Bd6 31. Bf3 Rxc4 32. Rxb6 Rxa4 33. Rc6 Ra2+ 34. Kf1 Kg7 35. Rb6 Bc4+ 36. Kg1 Bc5 37. Rc6 Bxe3+ 38. Kh2 Bf7 39. Kg3 Bf4+ 40. Kg4 h5+ 41. Kf5 Ra5+ 42. Ke4 Bd5+ 0-1


[Site "https://www.chess.com"]

[Event "Titled Tuesday Blitz March 28 Early 2023"]
[White "Lorenzo De La Riva, Lazaro"]
[Black "Reprintsev, Alexander"]
[WhiteFideId "2268809"]
[BlackFideId "14100541"]
[WhiteElo "2294"]
[BlackElo "2229"]
[Result "1-0"]
[Round "08"]
[TimeControl "180+2"]
[Date "2023.03.28"]
[WhiteClock "0:00:26"]
[BlackClock "0:00:05"]

1. d4 d5 2. Nc3 Nf6 3. Bf4 a6 4. e4 dxe4 5. f3 c5 6. d5 e6 7. fxe4 exd5 8. Nxd5 Nxd5 9. exd5 Bd6 10. Qf3 Bxf4 11. Qxf4 Qa5+ 12. Qd2 Qxd2+ 13. Kxd2 b5 14. a4 b4 15. Nf3 Bb7 16. Bc4 Nd7 17. a5 O-O-O 18. Rad1 Nf6 19. Kc1 Rhe8 20. d6 Rd7 21. Rhe1 Rxe1 22. Rxe1 Rxd6 23. Bxf7 Ne4 24. Bc4 Kc7 25. Bd3 Nf6 26. Ng5 Bd5 27. g3 h6 28. Nh3 g5 29. Nf2 c4 30. Bf5 Kc6 31. Re7 Kb5 32. Rg7 Kxa5 33. Rg6 Ne8 34. Rxd6 Nxd6 35. Bd7 Kb6 36. Ng4 h5 37. Nf6 Bc6 38. Bxc6 Kxc6 39. Nxh5 a5 40. Nf6 a4 41. h4 gxh4 42. gxh4 Nf5 43. h5 Kc5 44. Ng4 a3 45. bxa3 bxa3 46. h6 c3 47. Kb1 Ne7 48. Ne5 Kd5 49. h7 Kxe5 50. h8=Q+ Kd5 51. Qxc3 1-0


[Site "https://www.chess.com"]

[Event "Titled Tuesday Blitz March 28 Early 2023"]
[White "Kukula, Pawel"]
[Black "Shkuran, Danylo"]
[WhiteFideId "1115081"]
[BlackFideId "14106248"]
[WhiteElo "2012"]
[BlackElo "2427"]
[Result "1-0"]
[Round "08"]
[TimeControl "180+2"]
[Date "2023.03.28"]
[WhiteClock "0:00:45"]
[BlackClock "0:00:02"]

1. c4 e6 2. Nc3 d5 3. cxd5 exd5 4. d4 Nf6 5. Bg5 c6 6. e3 Be7 7. Bd3 O-O 8. Nge2 h6 9. Bh4 Nh5 10. Bxe7 Qxe7 11. Ng3 Nxg3 12. hxg3 Nd7 13. g4 Re8 14. Qf3 Qf6 15. O-O-O Qxf3 16. gxf3 Nf8 17. b4 Be6 18. a4 Rac8 19. Kd2 Re7 20. Rb1 a6 21. b5 axb5 22. axb5 Rec7 23. bxc6 bxc6 24. Rhc1 c5 25. Nb5 Rb7 26. Rxc5 Rcb8 27. Nc3 Nd7 28. Rxb7 Rxb7 29. Rb5 Ra7 30. Bc2 Ra8 31. Bb3 1-0


[Site "https://www.chess.com"]

[Event "Titled Tuesday Blitz March 28 Early 2023"]
[White "Baches Garcia, Guillermo"]
[Black "Ovezdurdyyeva, Jemal"]
[WhiteFideId "2209764"]
[BlackFideId "14001888"]
[WhiteElo "2447"]
[BlackElo "2043"]
[Result "1-0"]
[Round "08"]
[TimeControl "180+2"]
[Date "2023.03.28"]
[WhiteClock "0:00:11"]
[BlackClock "0:00:06"]

1. Nc3 Nf6 2. d4 e6 3. e4 d6 4. f4 g6 5. Nf3 Bg7 6. Bd3 c5 7. e5 dxe5 8. dxe5 Nd5 9. Ne4 O-O 10. a3 Qc7 11. Nd6 Bd7 12. c4 Ne7 13. O-O f6 14. exf6 Bxf6 15. Ne4 Bg7 16. Nfg5 Nf5 17. Rb1 b6 18. b4 cxb4 19. axb4 Nc6 20. Kh1 Rad8 21. Qe1 Bc8 22. Be2 Ncd4 23. Bb2 Bb7 24. Bxd4 Nxd4 25. Bg4 Qe7 26. c5 h6 27. Nf3 h5 28. Bh3 Nxf3 29. Rxf3 Bh6 30. Qe3 bxc5 31. bxc5 Bxe4 32. Qxe4 Qxc5 33. Qxe6+ Kh7 34. Rb7+ Bg7 35. Rf1 Qd4 36. g3 Qd5+ 37. Qxd5 Rxd5 38. Rxa7 Rd2 39. Rb1 Re8 40. Bf1 Red8 41. Rbb7 Rg8 42. Rf7 Kh6 43. Rfd7 g5 44. fxg5+ Kg6 45. Rxd2 Kxg5 46. Ra5+ 1-0


[Site "https://www.chess.com"]